Map: Divergence LE

Players

doudou - Winner!

  • Race: Terran Terran
  • Spawn Location: 5:00

Misery - Winner!

  • Race: Terran Terran
  • Spawn Location: 5:00

Massa

  • Race: Terran Terran
  • League: Gold
  • Spawn Location: 11:00

qqq

  • Race: Zerg Zerg
  • Spawn Location: 11:00

VOD

Have the link to the VOD?

Description

Time

  • Played on: June 24, 2020, 6:52 a.m.
  • Length: 18:39
Show
View Real Time Build Order
Export as new Build Order

doudou Terran - Winner!

Build Orders: 1/1/1 

Get SALT Encoding   

  12  0:01  SCV  
  13  0:13  SCV  
  14  0:18  Supply Depot  
  14  0:25  SCV  
  15  0:31  Refinery  
  15  0:41  Barracks  
  15  0:46  SCV  
  16  0:53  Refinery  
  16  0:58  SCV  
  17  1:10  SCV  
  18  1:24  SCV, Supply Depot  
  19  1:33  Marine  
  19  1:36  SCV  
  21  1:40  Factory  
  21  1:48  SCV  
  21  1:51  Marine  
  23  2:00  SCV  
  24  2:12  Orbital Command  
  24  2:24  Starport, Factory Tech Lab  
  24  2:33  Marine, Supply Depot  
  25  2:40  SCV  
  26  2:46  Siege Tank  
  29  2:51  Marine  
  30  3:03  SCV  
  30  3:05  Starport Tech Lab  
  31  3:07  Fusion Core  
  31  3:09  Marine  
  32  3:13  Supply Depot  
  32  3:31  Marine  
  33  3:48  Command Center  
  33  4:01  Battlecruiser  
  39  4:11  Siege Tank  
  42  4:19  SCV, Supply Depot  
  43  4:29  Barracks Reactor  
  44  4:31  SCV  
  44  4:43  Refinery  
  44  4:44  Refinery  
  44  4:50  Supply Depot  
  44  5:20  Battlecruiser  
  50  5:30  Siege Tank  
  53  5:43  Supply Depot  
  53  5:45  Orbital Command  
  53  6:06  SCV  
  53  6:07  Command Center  
  54  6:14  SCV  
  54  6:18  SCV  
  53  6:26  SCV  
  60  6:32  Battlecruiser  
  60  6:35  Siege Tank  
  60  6:37  SCV  
  60  6:38  SCV  
  65  6:44  Starport  
  65  6:52  SCV x2  
  67  7:01  Refinery  
  67  7:02  Refinery  
  67  7:04  SCV  
  68  7:22  Starport Tech Lab  
  68  7:25  Starport  
  68  7:26  SCV x2  
  76  7:37  Battlecruiser  
  76  7:43  Orbital Command  
  76  7:51  Battlecruiser  
  76  7:55  SCV  
  76  7:56  SCV  
  84  8:02  Starport Tech Lab  
  84  8:07  Supply Depot  
  84  8:09  Supply Depot  
  84  8:18  SCV x3  
  87  8:30  SCV x3  
  90  8:37  Battlecruiser  
  90  8:41  Battlecruiser  
  102  8:42  SCV x3  
  105  8:54  SCV  
  106  9:08  Battlecruiser  
  106  9:09  SCV x3  
  115  9:21  SCV x2  
  111  9:41  Battlecruiser  
  117  10:04  Barracks x2  
  117  10:05  Barracks x3  
  117  10:06  Barracks x2  
  117  10:08  Engineering Bay  
  117  10:13  SCV x2  
  113  10:15  Battlecruiser  
  113  10:30  SCV x2  
  115  11:00  Barracks Tech Lab x4  
  115  11:01  Barracks Reactor x2  
  115  11:03  Barracks Reactor  
  115  11:05  Terran Infantry Weapons Level 1  
  115  11:16  Starport Reactor  
  115  11:18  Starport Reactor, Supply Depot  
  115  11:19  Supply Depot  
  115  11:20  Supply Depot  
  115  11:21  Supply Depot x4  
  115  11:29  Marine x2, Command Center  
  115  11:31  Marine x4  
  115  11:46  Marine x3  
  112  11:47  Marine x2  
  112  11:48  Marine  
  112  11:49  Marine x6  
  112  11:50  SCV x2  
  112  11:51  SCV  
  124  11:55  Medivac x4  
  131  12:02  SCV  
  131  12:03  SCV  
  131  12:04  Marine x3  
  131  12:05  Marine x2  
  131  12:06  Marine  
  131  12:07  Marine x6  
  145  12:12  Medivac  
  145  12:14  SCV  
  145  12:15  SCV  
  150  12:21  Marine  
  150  12:22  Marine x3  
  152  12:23  Marine  
  152  12:24  Marine x7  
  160  12:39  Marine  
  160  12:40  Marine x3  
  160  12:41  Marine  
  160  12:42  Marine x7  
  172  12:51  Orbital Command  
  172  12:57  Marine x2  
  172  12:58  Marine x2  
  175  12:59  Terran Infantry Armor Level 1, Marine x2  
  175  13:00  Marine x3  
  174  13:17  Marine x9  
  174  13:18  Marine x3  
  179  13:20  Medivac x2  
  183  13:34  Marine  
  183  13:35  Marine x4  
  183  13:38  Stimpack  
  183  13:39  Command Center  
  183  13:40  SCV, Marine x5  
  188  13:41  Concussive Shells  
  188  13:45  Marine x2  
  184  13:52  Marine  
  184  13:53  Marine x4  
  183  13:58  Marine x5  
  183  14:02  Medivac  
  184  14:03  Marine x2  
  180  14:10  Marine  
  180  14:11  Marine x4  
  180  14:16  Marine x3  
  188  14:23  Marine x4  
  179  14:28  Marine x4  
  179  14:29  Marauder  
  146  14:33  Marine  
  146  14:34  Marauder x2  
  149  14:41  Marine x4  
  152  14:46  Marine x4  
  152  14:50  Marine  
  152  14:51  Marine  
  158  14:55  Marine x2  
  158  14:58  Marine  
  158  14:59  Marine x3  
  164  15:04  Marine x4  
  163  15:08  Marine  
  163  15:09  Marine  
  163  15:13  Marine x2, Medivac  
  160  15:16  Marine  
  160  15:17  Marine x3  
  160  15:21  Marine, Medivac x3  
  158  15:22  Marine x3  
  158  15:26  Marauder  
  158  15:27  Marine  
  158  15:30  Marine x2  
  158  15:34  Marine  
  158  15:35  Marine x3  
  164  15:40  Medivac  
  166  15:43  Medivac  
  168  15:51  Medivac x2  
  172  15:58  Marine  
  173  16:20  Marine x2  
  173  16:32  Marine  
  173  16:35  Marine  
  173  16:36  Marine  
  173  16:37  Marine  
  173  16:50  Marine  
  173  17:12  Marine x6  
  173  17:14  Marine  
  173  17:15  Marine x4, Medivac  
  173  17:17  Marine  
  168  17:30  Marine x5  
  173  18:04  Marine  
  173  18:12  Marine x3  
  173  18:13  Marine x3  
  173  18:14  Marine x3  
  173  18:15  Marine x2  
Show
View Real Time Build Order
Export as new Build Order

Misery Terran - Winner!

Build Orders: Mech 

Get SALT Encoding   

  12  0:00  SCV  
  13  0:13  SCV  
  14  0:19  Supply Depot  
  14  0:25  SCV  
  15  0:30  Refinery  
  15  0:41  SCV  
  16  0:53  SCV  
  17  1:02  Barracks  
  17  1:12  Barracks  
  17  1:23  SCV  
  18  1:29  Barracks  
  17  1:34  Command Center  
  17  1:42  SCV  
  18  1:55  SCV  
  18  2:00  Refinery  
  19  2:08  SCV  
  20  2:18  Factory  
  20  2:19  Barracks Tech Lab  
  20  2:24  Orbital Command  
  20  2:50  SCV  
  21  2:52  Orbital Command  
  21  2:54  Marine  
  22  3:03  Starport  
  22  3:06  SCV  
  23  3:13  Siege Tank  
  23  3:18  SCV  
  28  3:28  Barracks Reactor  
  28  3:30  SCV  
  28  3:31  Orbital Command  
  28  3:34  Supply Depot  
  28  3:43  SCV  
  29  3:59  Bunker  
  29  4:06  SCV x2  
  31  4:18  SCV x2  
  31  4:23  Siege Tank  
  36  4:26  Barracks Reactor, Liberator  
  36  4:31  SCV, Viking  
  41  4:32  SCV  
  41  4:34  Refinery  
  41  4:36  Refinery  
  43  4:44  SCV, Engineering Bay  
  43  4:45  SCV  
  45  4:56  SCV  
  45  4:57  SCV  
  42  5:15  SCV x2  
  43  5:27  SCV x2  
  45  5:37  Bunker  
  45  5:39  SCV  
  46  5:46  Supply Depot  
  46  5:48  Missile Turret  
  46  5:51  Missile Turret  
  46  5:55  SCV x2, Armory  
  46  5:56  Liberator x2  
  54  6:07  SCV  
  55  6:14  SCV  
  55  6:15  Command Center  
  56  6:20  SCV  
  57  6:26  SCV  
  57  6:32  SCV  
  59  6:38  SCV  
  60  6:43  Factory  
  60  6:51  Supply Depot  
  60  6:52  Supply Depot  
  60  6:54  Factory  
  60  6:55  SCV x2  
  62  7:03  Supply Depot  
  62  7:11  Supply Depot  
  62  7:12  Thor  
  62  7:13  SCV  
  62  7:15  Viking x2  
  71  7:20  Smart Servos  
  73  7:23  Terran Vehicle And Ship Armor Level 1  
  73  7:26  Armory  
  73  7:27  SCV x2  
  75  7:33  Missile Turret  
  75  7:39  SCV x2  
  75  7:48  Hellion x2  
  79  7:55  Cyclone  
  82  8:06  SCV x2  
  82  8:09  Factory Tech Lab, Hellion  
  82  8:10  Hellion  
  88  8:18  SCV x2, Neosteel Armor  
  90  8:25  Planetary Fortress  
  90  8:28  Cyclone  
  90  8:30  SCV  
  90  8:31  Hellion x2  
  100  8:35  Medivac  
  100  8:39  Mag-Field Accelerator  
  100  8:44  SCV x2  
  100  8:48  Missile Turret  
  102  8:50  Refinery  
  102  8:52  Hellion x2  
  102  8:55  Refinery  
  106  8:56  SCV x2  
  108  9:08  Barracks Reactor  
  108  9:12  Supply Depot  
  108  9:15  Supply Depot  
  108  9:17  Supply Depot, Terran Vehicle Weapons Level 1  
  108  9:22  Supply Depot  
  108  9:24  Supply Depot  
  108  9:33  Thor  
  108  9:34  Cyclone  
  113  9:58  Hellion x2  
  117  10:01  Viking x2  
  118  10:19  Hellion x2  
  122  10:40  Hellion  
  122  10:46  Hellion x2  
  122  10:47  Thor  
  132  10:50  Viking x2  
  136  11:02  Hellion  
  138  11:08  Hellion  
  138  11:09  SCV x2  
  138  11:10  SCV  
  143  11:20  Viking x2  
  143  11:21  SCV x2  
  143  11:22  SCV  
  82  11:41  Thor x2  
  82  11:42  Hellion x2  
  86  12:03  SCV x3  
  86  12:06  Factory  
  86  12:07  Factory  
  89  12:08  Liberator x2  
  89  12:15  SCV  
  93  12:24  Siege Tank x2  
  93  12:27  Command Center  
  93  12:29  Hellion x2  
  103  12:30  Drilling Claws  
  103  12:40  SCV x3  
  106  12:47  Supply Depot  
  106  12:49  Supply Depot  
  106  12:51  Factory Tech Lab, Liberator x2  
  106  12:52  SCV x2, Factory Reactor  
  106  12:53  Supply Depot  
  106  12:56  Siege Tank  
  117  13:01  Terran Vehicle And Ship Armor Level 2, Terran Vehicle Weapons Level 2  
  117  13:04  Infernal Pre-Igniter  
  117  13:31  Thor x2  
  117  13:34  Cyclone, Hellion, Medivac x2  
  130  13:35  Hellion x3  
  130  13:39  SCV x2  
  144  13:56  Hellion x4  
  144  14:01  Fusion Core  
  152  14:06  Hellion  
  142  14:34  Hellion  
  142  14:35  Hellion x3  
  142  14:36  Widow Mine x2  
  142  14:38  Cyclone  
  157  14:40  Viking  
  159  14:57  Cyclone, Thor  
  168  15:05  Hellion x2  
  164  15:10  Siege Tank  
  167  15:18  Terran Ship Weapons Level 1  
  166  15:29  Siege Tank  
  169  15:41  Missile Turret  
  169  15:42  Missile Turret  
  158  16:24  Siege Tank x2  
  158  16:25  Siege Tank  
  160  16:26  Hellion x2  
  140  16:53  Hellion x2  
  141  16:56  Siege Tank  
  141  16:57  Cyclone  
  147  17:14  Hellion  
  139  17:29  Cyclone  
  98  18:39  Command Center  
Show
View Real Time Build Order
Export as new Build Order

Massa Terran 

Build Orders:  

Get SALT Encoding   

  13  0:07  SCV  
  13  0:13  Supply Depot  
  13  0:19  SCV  
  14  0:31  SCV  
  15  0:38  Barracks  
  15  0:43  SCV  
  16  0:55  SCV  
  17  1:07  SCV  
  17  1:10  Supply Depot  
  18  1:21  SCV  
  19  1:36  Refinery, Marine  
  20  1:54  Marine  
  20  1:58  Barracks  
  20  1:59  Command Center  
  21  2:04  Orbital Command  
  21  2:12  Marine  
  22  2:30  Marine  
  23  2:43  Supply Depot  
  23  2:45  SCV  
  24  2:56  Marine x2  
  26  3:08  Factory  
  26  3:13  Marine  
  26  3:14  Marine  
  26  3:15  Orbital Command, Barracks  
  28  3:20  SCV  
  29  3:31  Marine  
  29  3:32  SCV, Marine  
  32  3:44  SCV  
  32  3:46  SCV  
  34  3:49  Marine x2  
  36  3:56  SCV, Engineering Bay  
  36  3:59  SCV  
  36  4:00  Supply Depot  
  36  4:02  Refinery  
  38  4:03  Barracks Tech Lab  
  38  4:08  Barracks Tech Lab, Marine  
  39  4:12  SCV x2  
  41  4:23  Factory Tech Lab  
  42  4:24  SCV x2  
  42  4:26  Marine  
  42  4:27  Bunker  
  44  4:39  SCV x2  
  46  4:51  SCV  
  47  5:01  Orbital Command  
  47  5:03  SCV  
  48  5:14  Missile Turret  
  48  5:19  Missile Turret  
  48  5:27  SCV  
  49  5:32  SCV  
  49  5:34  Missile Turret  
  49  5:35  Barracks Reactor  
  50  5:36  Marauder  
  50  5:39  SCV  
  50  5:40  Marauder, Missile Turret  
  55  5:44  SCV  
  56  5:53  Terran Infantry Weapons Level 1  
  56  5:54  Stimpack  
  56  5:55  Missile Turret  
  56  5:56  Concussive Shells  
  56  5:57  Marauder  
  56  5:58  Engineering Bay  
  56  6:01  Marauder, Missile Turret  
  56  6:03  Refinery  
  60  6:18  Missile Turret  
  60  6:22  Supply Depot  
  60  6:24  Missile Turret  
  60  6:31  Supply Depot  
  60  6:38  Missile Turret  
  60  6:42  SCV, Command Center  
  60  6:43  SCV, Siege Tank  
  60  6:45  Supply Depot  
  65  6:54  Supply Depot  
  65  6:56  Missile Turret  
  65  6:59  Missile Turret  
  65  7:01  Terran Infantry Armor Level 1  
  65  7:02  Armory, Combat Shield  
  65  7:04  Marauder x2  
  65  7:05  Marine x2  
  71  7:09  Supply Depot  
  71  7:15  Siege Tank  
  71  7:16  Supply Depot  
  71  7:20  Supply Depot  
  71  7:21  SCV x2  
  76  7:32  Supply Depot  
  76  7:33  SCV  
  76  7:34  SCV  
  78  7:49  SCV  
  78  7:50  SCV  
  80  7:55  Command Center  
  80  7:57  Orbital Command  
  80  8:01  SCV, Terran Vehicle Weapons Level 1  
  80  8:02  SCV, Terran Infantry Weapons Level 2  
  82  8:14  SCV x2  
  82  8:17  Factory  
  84  8:20  Barracks  
  84  8:24  Barracks  
  84  8:33  Thor  
  90  8:34  Marauder x2, Marine  
  90  8:35  Marine  
  96  8:46  SCV x2  
  96  8:47  Refinery, SCV  
  99  8:50  Refinery  
  99  8:52  Marine x2  
  101  8:56  Marauder x2  
  101  8:58  SCV x2  
  101  8:59  SCV  
  108  9:10  Marine x2  
  108  9:11  Barracks Tech Lab  
  108  9:13  Factory Reactor  
  108  9:15  Missile Turret  
  108  9:16  Marine  
  108  9:17  Marine  
  110  9:21  Armory  
  111  9:28  Marine x2  
  110  9:34  Marine x2  
  110  9:37  Missile Turret  
  112  9:40  Starport  
  112  9:52  Marine x2  
  113  9:55  Missile Turret  
  113  9:56  Missile Turret  
  113  9:58  Missile Turret  
  112  10:01  Widow Mine x2  
  112  10:10  Marauder  
  112  10:11  Marauder  
  109  10:16  Missile Turret  
  109  10:17  Starport, Missile Turret  
  109  10:18  Missile Turret  
  108  10:22  Widow Mine x2  
  109  10:43  Widow Mine  
  109  10:44  Widow Mine  
  113  10:50  Refinery  
  113  10:51  SCV x3  
  116  11:03  Command Center  
  116  11:04  Marauder x3  
  116  11:05  Widow Mine x2  
  116  11:07  Barracks Reactor  
  116  11:08  Marine x2  
  126  11:25  Marauder  
  126  11:26  Marauder x2, Marine x2  
  113  11:44  Marine  
  113  11:45  Marine x3  
  115  11:47  Marauder x3  
  95  12:01  Marine  
  95  12:03  Marine x2  
  95  12:08  Marauder x2  
  95  12:09  Marauder  
  80  12:21  Thor  
  87  12:22  Widow Mine  
  87  12:23  Widow Mine  
  87  12:24  Marine x4  
  95  12:30  Marauder x3  
  97  12:42  Marine  
  97  12:44  Widow Mine x2  
  102  12:51  Marauder x3  
  108  12:57  Medivac x2  
  112  13:00  Marine x2  
  112  13:01  Marine x2  
  112  13:04  Thor  
  112  13:05  Widow Mine  
  124  13:12  Marauder x2  
  121  13:13  Marauder  
  111  13:21  Marine  
  111  13:22  Marine x3  
  111  13:26  Medivac  
  116  13:34  Marauder x3  
  116  13:39  Marine x2  
  116  13:40  Marine x2  
  120  13:47  Thor  
  126  13:54  Marine  
  126  13:55  Marine x2  
  129  13:57  Marine x4  
  129  14:02  Planetary Fortress  
  133  14:07  SCV  
  133  14:08  SCV x2  
  133  14:09  Missile Turret  
  136  14:10  Missile Turret  
  136  14:12  Marine x2  
  136  14:13  Marine  
  136  14:15  Marine x4  
  143  14:19  SCV  
  143  14:20  SCV  
  141  14:29  Thor  
  141  14:30  Marine x3, Missile Turret  
  148  14:33  Marine x3, Missile Turret  
  150  14:48  Marine  
  151  15:12  Thor  
  107  15:22  Marauder x3  
  107  15:23  Marine x4  
  97  15:29  SCV  
  97  15:30  SCV x2  
  100  15:36  SCV  
  100  15:41  Marine x4  
  105  15:43  Marauder x3  
  105  15:48  SCV  
  112  15:55  Thor  
  118  15:58  Marine  
  118  15:59  Marine x3  
  118  16:00  SCV  
  123  16:04  Marauder  
  123  16:05  Marauder x2  
  129  16:12  SCV, Medivac x2  
  129  16:16  Marine  
  129  16:17  Marine x3  
  130  16:24  SCV  
  125  16:26  Marauder x3  
  112  16:34  Marine x2  
  112  16:35  Marine  
  112  16:38  Terran Vehicle And Ship Armor Level 1, Thor  
  97  16:42  Medivac x2  
  95  16:47  Marauder, Marine  
  95  16:48  Marauder x2  
  95  16:52  Marine x3  
  106  16:54  SCV  
  106  16:56  SCV x4  
  110  17:05  Marine  
  110  17:06  SCV  
  113  17:08  SCV x3  
  113  17:09  Marauder x3  
  113  17:10  Marine x3  
  124  17:18  SCV  
  124  17:21  Thor  
  131  17:23  Marine  
  131  17:28  Marine x3  
  130  17:30  SCV, Marauder x2, Marine  
  136  17:41  Marine  
  136  17:42  SCV  
  140  17:44  Widow Mine x2  
  140  17:45  Marine  
  140  17:46  Marine x2  
  140  17:48  Marine  
  140  17:51  Marine x2  
  145  17:59  Marine  
  145  18:03  Marine  
  145  18:04  Marine  
  141  18:05  Widow Mine, Marine  
  141  18:06  Widow Mine  
  141  18:09  Marine x2  
Show
View Real Time Build Order
Export as new Build Order

qqq Zerg 

Build Orders: Hatch First 

Get SALT Encoding   

  12  0:05  Drone  
  13  0:37  Hatchery  
  13  0:41  Overlord  
  12  0:43  Drone  
  12  0:47  Drone  
  14  1:11  Spawning Pool  
  13  1:22  Drone  
  13  1:23  Drone x2  
  16  1:31  Extractor  
  15  1:35  Drone  
  16  1:46  Drone  
  17  1:55  Overlord  
  17  1:58  Drone  
  17  1:59  Queen  
  20  2:01  Queen  
  20  2:06  Drone  
  23  2:09  Zergling x2  
  23  2:14  Drone  
  25  2:22  Zergling x2  
  26  2:23  Drone  
  27  2:46  Drone x2  
  29  2:57  Drone  
  29  2:58  Drone x2  
  32  3:03  Metabolic Boost  
  32  3:05  Zergling x4  
  34  3:09  Drone  
  34  3:12  Hatchery  
  34  3:27  Zergling x4  
  34  3:28  Overlord x2  
  36  3:46  Drone  
  36  3:47  Overlord  
  36  3:48  Drone  
  38  3:49  Drone  
  39  3:58  Roach Warren  
  39  3:59  Drone  
  39  4:02  Drone  
  40  4:05  Drone  
  40  4:06  Hatchery, Drone  
  41  4:15  Drone x3  
  41  4:16  Zergling x2  
  45  4:17  Zergling x2  
  45  4:19  Zergling x2  
  45  4:23  Zergling x4  
  49  4:25  Drone  
  50  4:31  Lair  
  50  4:37  Drone x2  
  50  4:38  Drone x2  
  54  4:40  Extractor  
  54  4:41  Zergling x2  
  54  4:42  Zergling x2  
  53  4:59  Zergling x4  
  55  5:00  Drone, Zergling x2  
  55  5:01  Drone x4  
  58  5:13  Zergling x2  
  53  5:27  Spore Crawler  
  52  5:29  Drone x3  
  52  5:30  Zergling x8  
  52  5:33  Spore Crawler  
  58  5:37  Drone, Spore Crawler  
  58  5:39  Spore Crawler  
  57  5:45  Drone  
  57  5:46  Drone x3, Overlord  
  57  5:47  Zergling x2  
  62  5:50  Hatchery  
  62  5:52  Zergling x2  
  62  5:54  Drone  
  62  5:55  Hatchery  
  62  5:59  Glial Reconstitution  
  62  6:01  Drone  
  62  6:03  Drone, Spire  
  63  6:05  Roach  
  60  6:24  Zergling x10  
  61  6:25  Drone x2  
  61  6:26  Drone x2  
  62  6:36  Pneumatized Carapace  
  62  6:46  Zergling x6  
  67  6:47  Drone, Roach  
  67  6:48  Drone x3  
  67  6:51  Spore Crawler  
  67  6:53  Spore Crawler  
  69  6:54  Spine Crawler  
  69  6:57  Spine Crawler  
  69  6:59  Drone x2  
  69  7:01  Roach  
  71  7:02  Zergling x4  
  73  7:14  Drone x6  
  79  7:25  Overlord x4  
  79  7:29  Overlord  
  79  7:50  Drone x3  
  82  7:51  Drone x2, Spore Crawler x2  
  82  7:52  Drone x7  
  82  7:53  Mutalisk x2  
  82  7:54  Mutalisk x3  
  99  7:59  Zerg Flyer Weapons Level 1  
  99  8:08  Hatchery  
  99  8:10  Drone  
  99  8:11  Hatchery x2  
  99  8:12  Extractor, Overlord x2  
  96  8:14  Zergling x2  
  96  8:15  Zergling x14  
  104  8:20  Extractor  
  104  8:21  Extractor  
  102  8:36  Drone x2  
  102  8:37  Drone x5  
  102  8:38  Drone  
  110  8:41  Spore Crawler  
  110  8:42  Spore Crawler  
  110  8:44  Spine Crawler, Spore Crawler  
  104  8:51  Corruptor  
  104  8:52  Corruptor  
  103  8:59  Spore Crawler  
  103  9:00  Spore Crawler  
  103  9:01  Spore Crawler x3  
  96  9:03  Spore Crawler  
  96  9:04  Drone x2  
  96  9:05  Drone x5  
  96  9:06  Drone  
  96  9:07  Hatchery  
  96  9:08  Spore Crawler  
  96  9:09  Hatchery  
  98  9:10  Spore Crawler x2  
  98  9:11  Spore Crawler  
  98  9:12  Drone x4  
  98  9:15  Spore Crawler  
  98  9:17  Spore Crawler  
  97  9:20  Spore Crawler x2  
  97  9:21  Spore Crawler  
  97  9:23  Spore Crawler  
  97  9:24  Spore Crawler  
  91  9:27  Spore Crawler  
  91  9:29  Spore Crawler  
  89  9:31  Corruptor  
  89  9:33  Zergling x2  
  89  9:34  Zergling x4  
  89  9:35  Zergling x2  
  89  9:36  Drone  
  89  9:37  Drone  
  71  9:51  Corruptor x2  
  69  9:53  Drone x6, Zerg Flyer Armor Level 1  
  69  9:54  Drone  
  75  10:05  Spine Crawler  
  73  10:07  Spine Crawler  
  73  10:08  Spine Crawler  
  73  10:12  Spine Crawler  
  70  10:15  Corruptor x2  
  70  10:16  Corruptor x3  
  70  10:17  Zergling x2  
  70  10:19  Drone x2  
  83  10:26  Queen  
  83  10:28  Drone x4  
  89  10:40  Infestation Pit  
  89  10:42  Evolution Chamber  
  87  10:44  Evolution Chamber  
  87  10:49  Roach x4  
  98  10:50  Drone x3, Roach x3  
  98  10:51  Drone  
  104  11:00  Hatchery  
  103  11:05  Roach x4  
  103  11:06  Drone, Roach  
  103  11:07  Drone  
  106  11:39  Corruptor x2  
  102  11:40  Mutalisk x2, Corruptor  
  102  11:42  Roach x3  
  102  11:43  Zergling x14  
  102  11:44  Drone x6  
  102  11:45  Drone x3  
  134  11:57  Corruptor  
  134  11:59  Drone x3  
  119  12:09  Extractor  
  118  12:20  Extractor  
  111  12:27  Hive  
  111  12:29  Zerg Melee Weapons Level 1, Zerg Ground Armor Level 1  
  103  12:37  Extractor  
  103  12:40  Drone x3  
  105  12:46  Drone x5  
  105  12:47  Drone  
  105  12:49  Corruptor x2  
  105  12:50  Corruptor  
  117  12:54  Zergling x16  
  117  12:55  Zergling x16  
  133  13:04  Drone x2  
  135  13:06  Drone  
  135  13:07  Drone  
  137  13:19  Corruptor x2  
  139  13:22  Zerg Flyer Armor Level 2  
  139  13:26  Corruptor x3  
  145  13:28  Drone x3  
  145  13:29  Drone  
  142  13:43  Corruptor x4  
  142  13:44  Zergling x4  
  142  13:45  Zergling x4  
  142  13:46  Overlord x3  
  142  13:47  Overlord x6  
  150  13:58  Corruptor  
  145  14:23  Drone  
  145  14:24  Drone x2, Spine Crawler  
  145  14:28  Spine Crawler  
  145  14:30  Zergling x2  
  145  14:31  Zergling x12  
  115  14:38  Zerg Melee Weapons Level 2  
  115  14:39  Zerg Ground Armor Level 2  
  115  14:41  Ultralisk Cavern  
  115  14:42  Zergling x6  
  115  14:43  Zergling x14  
  115  14:44  Corruptor x2  
  115  14:45  Corruptor x2  
  132  14:46  Drone x3  
  128  15:00  Hatchery  
  128  15:01  Zergling x10, Roach  
  128  15:02  Roach x5  
  127  15:20  Roach  
  127  15:21  Zergling x8, Roach x4  
  114  15:22  Zergling x2, Roach x2  
  95  15:38  Ultralisk x5  
  95  15:39  Zergling x2  
  95  15:40  Zergling x10  
  125  15:56  Hatchery  
  83  16:21  Ultralisk x3  
  83  16:22  Zergling x6  
  83  16:23  Zergling x4  
  85  16:39  Hatchery  
  66  16:51  Ultralisk  
  51  17:14  Drone  
  51  17:15  Drone x2  
  42  17:27  Mutalisk x2  
  42  17:29  Zergling x4  
  42  17:52  Drone x4  
  44  18:07  Corruptor  
  44  18:08  Corruptor  
Tags
 
Composition
Mech
League
Gold
Replay Pack
Multiplayer
Add a new tag
Caveats
  • Supply blocks, unpowered buildings, or Contaminate may cause inaccurate times.
  • Supply counts are checked every 10 seconds.